 Dungeon Crawl Stone Soup version 0.31.0-11-ge490571c62 (webtiles) character file.

Game seed: 6704173505521302622

156 firemarshallily the Sneak (level 5, -2/49 HPs)
             Began as a Naga Brigand on Feb 5, 2024.
             Was an Initiate of Cheibriados.
             Slain by an orc
             ... wielding a +0 flail
              (10 damage)
             ... on level 4 of the Dungeon.
             The game lasted 00:06:35 (2345 turns).

firemarshallily the Sneak (Naga Brigand)            Turns: 2345, Time: 00:06:36

Health: -2/49      AC:  3    Str: 14    XL:     5   Next: 37%
Magic:  5/5        EV:  9    Int: 12    God:    Cheibriados [......]
Gold:   119        SH:  0    Dex: 16    Spells: 4/4 levels left

rFire   . . .        j - +2 dagger (elec)
rCold   . . .        (no shield)
rNeg    . . .        b - +0 robe
rPois   +            (no helmet)
rElec   .            c - +0 cloak
rCorr   .            (no gloves)
SInv    +            (no barding)
Will    .....        (no amulet)
Stlth   ++++         (no ring)
HPRegen 0.28/turn    (no ring)
MPRegen 0.09/turn

%: no passive effects
@: very slow
A: AC +1, large, see invisible, deformed body, poison resistance, slowness 2,
spit poison 1, naga tail 1
a: Spit Poison, Renounce Religion


You were on level 4 of the Dungeon.
You worshipped Cheibriados.
Cheibriados was noncommittal.
You visited 1 branch of the dungeon, and saw 4 of its levels.

You collected 119 gold pieces.

Inventory:

Hand Weapons
 a - a +2 dagger
 j - a +2 dagger of electrocution (weapon)
 q - a +2 dagger of venom
Missiles
 d - 9 poisoned darts
 e - 3 curare-tipped darts
 u - 11 javelins
Armour
 b - a +0 robe (worn)
 c - a +0 cloak (worn)
Wands
 m - a wand of roots (9)
Scrolls
 f - a scroll of acquirement {unknown}
 k - 4 scrolls of identify {unknown}
 l - 3 scrolls of teleportation {unknown}
 n - a scroll of fog {unknown}
 o - a scroll of immolation {unknown}
 r - 3 scrolls of brand weapon {unknown}
 s - 2 scrolls of poison {unknown}
 t - a scroll of noise {unknown}
 w - a scroll of revelation {unknown}
Potions
 g - a potion of resistance {unknown}
 h - a potion of curing
 i - a potion of haste {unknown}
 p - 2 potions of magic {unknown}
 v - 2 potions of might {unknown}


   Skills:
 * Level 3.6 Fighting
 * Level 3.5 Short Blades
 - Level 1.7 Throwing
 - Level 0.7 Dodging
 * Level 7.2 Stealth


You had 4 spell levels left.
You didn't know any spells.
Your spell library was empty.

Dungeon Overview and Level Annotations

Branches:
Dungeon (4/15)
 Temple: D:4-7

Altars:
Cheibriados

Shops:
D:1 !   D:2 =


Innate Abilities, Weirdness & Mutations

Your serpentine skin is tough. (AC +1)
You have supernaturally acute eyesight. (SInv)
Armour fits poorly on your strangely shaped body.
Your system is resistant to poisons. (rPois)
You cover ground very slowly.
You can spit poison.
You have a snake-like lower body.


Message History

You closely miss the orc.
The orc is heavily wounded.
The orc hits you with a +0 flail. The orc hits you with a +0 falchion.
You barely miss the orc.
The orc is heavily wounded.
The orc hits you with a +0 dagger.
You hit the orc.
You kill the orc!
Cheibriados appreciates the change of pace.
The orc barely misses you. The orc misses you. The orc completely misses you.
You hit the orc.
The orc is heavily wounded.
The orc hits you with a +0 flail. The orc hits you with a +0 falchion.
You barely miss the orc.
The orc is heavily wounded.
The orc hits you with a +0 flail. The orc closely misses you.
The orc hits you with a +0 falchion.
You are too injured to fight recklessly!
You are too injured to fight recklessly!
You are too injured to fight recklessly!
You are too injured to fight recklessly!
You barely miss the orc. The orc hits you with a +0 flail.
The orc closely misses you. The orc hits you with a +0 falchion.
You hit the orc but do no damage.
The orc is moderately wounded.
The orc hits you with a +0 flail.
* * * LOW HITPOINT WARNING * * *
The orc completely misses you.
You barely miss the orc. You punch the orc.
The orc is heavily wounded.
The orc hits you with a +0 falchion.
* * * LOW HITPOINT WARNING * * *
The orc barely misses you.
Okay, then.
It was a potion of curing.
You feel better. The orc hits you with a +0 flail!
* * * LOW HITPOINT WARNING * * *
The orc hits you with a +0 falchion.
* * * LOW HITPOINT WARNING * * *
The orc hits you with a +0 flail!
You die...

#.....#
#.....#####
#.........#
##..†....##
#...>.....#
#.........#
#....)....#
#)o........#
#@o...........
##o^.>...####o
##......#
###....#
#......
#....#. ...##
.#


You could see 3 orcs.

Vanquished Creatures
  An orc priest (D:3)
  Crazy Yiuf (D:2)
  2 adders (D:2)
  2 dart slugs
  2 ribbon worms
  5 orcs
  5 endoplasms
  3 giant cockroaches
  5 goblins
  9 hobgoblins
  3 jackals (D:2)
  A quokka (D:1)
  2 ball pythons (D:2)
  5 bats
  5 frilled lizards
  8 kobolds
  10 rats
69 creatures vanquished.

Notes
Turn   | Place    | Note
-------+----------+-------------------------------------------
     0 | D:1      | firemarshallily the Naga Brigand began the quest for the
                  | Orb.
     0 | D:1      | Reached XP level 1. HP: 19/19 MP: 1/1
    73 | D:1      | Found a faded altar of an unknown god.
   112 | D:1      | Reached skill level 6 in Stealth
   112 | D:1      | Reached XP level 2. HP: 26/26 MP: 2/2
   323 | D:1      | Found Foskohyl's Distillery.
   846 | D:2      | Reached XP level 3. HP: 32/33 MP: 3/3
   892 | D:2      | Found Puts's One-of-a-Kind Rings.
  1043 | D:2      | Reached XP level 4. HP: 26/42 MP: 4/4
  1262 | D:2      | Found a runed translucent door.
  1263 | D:2      | Noticed Crazy Yiuf
  1269 | D:2      | Killed Crazy Yiuf
  1431 | D:3      | Reached skill level 7 in Stealth
  1431 | D:3      | Reached XP level 5. HP: 40/49 MP: 5/5
  1620 | D:3      | Found a snail-covered altar of Cheibriados.
  1643 | D:3      | Became a worshipper of Cheibriados the Contemplative
  2345 | D:4      | Slain by an orc

Illustrated notes

Levels and vault maps discovered:
D:1:      dpeg_arrival_rhombus, layout_loops_ring,
          shapermc_ecumenical_altar_mp_highgroup, serial_shops, shop
D:2:      layout_basic, nicolae_shop_unique_rings, minmay_pentomino_r2,
          uniq_crazy_yiuf_cottage
D:3:      layout_loops_ring, mainiacjoe_overflow_brackets,
          chequers_serial_rivers_room_a
D:4:      nicolae_cairo_tiling_large, layout_rooms, serial_curves,
          eino_curves_03, eino_curves_03, hex_large, minmay_bisected,
          uniq_grinder

Skill      XL: |  1  2  3  4 |
---------------+-------------+-----
Stealth        | 6 7 |  7.2
Fighting       | 3 |  3.6
Short Blades   | 3 |  3.5
Throwing       | |  1.7
Dodging        | |  0.7

Action                     |  1- 3 |  4- 6 || total
---------------------------+-------+-------++-------
  Melee: Dagger            |    77 |    85 ||   162
         Punch             |     1 |     1 ||     2
  Throw: Dart              |     3 |       ||     3
Ability: Spit Poison       |     5 |     4 ||     9
    Use: Potion            |       |     1 ||     1
   Stab: Sleeping          |    11 |     8 ||    19
 Armour: Robe              |    59 |    65 ||   124
  Dodge: Dodged            |    39 |    45 ||    84
